 Dungeon Crawl Stone Soup version 0.19.4-8-ga85b6b9 (webtiles) character file.

119 empire the Cudgeler (level 4, -1/35 HPs)
             Began as a Mummy Fighter on Feb 10, 2017.
             Killed from afar by an orc wizard (7 damage)
             ... with a magic dart
             ... on level 3 of the Dungeon.
             The game lasted 00:04:41 (1844 turns).

empire the Cudgeler (Mummy Fighter)                 Turns: 1844, Time: 00:04:42

Health: -1/35      AC:  6    Str: 20    XL:     4   Next: 73%
Magic:  4/4        EV:  7    Int:  7    God:
Gold:   160        SH:  8    Dex: 11    Spells: 0 memorised, 3 levels left

rFire  x . .     SeeInvis .     a - +0 flail
rCold  + . .     Gourm    .     b - +0 scale mail
rNeg   + + +     Faith    .     c - +0 shield
rPois  ∞         Spirit   .     (no helmet)
rElec  .         Reflect  .     (no cloak)
rCorr  .         Harm     .     (no gloves)
MR     .....                    (no boots)
Stlth  ..........               (no amulet)
                                (no ring)
                                (no ring)

@: no status effects
A: no food or potions, fire vulnerability, cold resistance 1, negative energy
resistance 3, torment resistance, unbreathing
a: no special abilities


You were on level 3 of the Dungeon.
You were not hungry.

You visited 1 branch of the dungeon, and saw 5 of its levels.

You collected 160 gold pieces.

Inventory:

Hand Weapons
 a - a +0 flail (weapon)
Armour
 b - a +0 scale mail (worn)
 c - a +0 shield (worn)
 m - a +0 plate armour
Jewellery
 j - an uncursed amulet of rage
Scrolls
 d - 2 scrolls of teleportation {unknown}
 e - a scroll of enchant weapon {unknown}
 f - a scroll of immolation {unknown}
 g - 4 scrolls of remove curse {unknown}
 h - a scroll of random uselessness {unknown}
 i - 3 scrolls of identify {unknown}
 k - a scroll of magic mapping {unknown}
 l - a scroll of noise {unknown}


   Skills:
 - Level 3.0 Fighting
 - Level 4.0 Maces & Flails
 - Level 2.4 Armour
 - Level 2.4 Shields
 + Level 0.2 Evocations


You had 3 spell levels left.
You didn't know any spells.

Dungeon Overview and Level Annotations

Branches:
Dungeon (5/15)
 Temple: D:4-7

Altars:
Xom


Innate Abilities, Weirdness & Mutations

You do not eat or drink.
Your flesh is vulnerable to fire.
You are immune to poison.
Your flesh is cold resistant. (rC+)
You are immune to negative energy. (rN+++)
You are immune to unholy pain and torment.
You can survive without breathing.


Message History

The magic dart hits you!
The orc wizard points at you and mumbles some strange words.
The magic dart hits you!
The orc wizard gestures wildly while chanting.
The orc wizard blinks!
The orc hits you with a dagger.
Things that are here:
a dagger; a quokka corpse; an orc corpse You barely miss the orc.
The orc wizard points at you and mumbles some strange words.
You resist with some effort. You block the orc's attack.
The orc wizard casts a spell at you. The magic dart hits you!
* * * LOW HITPOINT WARNING * * *
You barely miss the orc. The orc closely misses you.
You closely miss the orc. The orc hits you with a dagger.
* * * LOW HITPOINT WARNING * * *
The orc wizard casts a spell at you. The magic dart hits you!
You die...

#.# #.
#...†......# ...
###. #..........#
#.#
#....#..........#
#..
.....##...##+####
#.#
.................
#.#
.............####
.....##o..##.#
.#..# #†#......
#.. #@#..#.###
#..#.#o#..#.###
.........§......
+#..#.#.#......#
.. #.#.#....#o# #
#.#....# #.#.#..#
#.#.#.># .##.. ..


You could see an orc wizard and an orc.

Vanquished Creatures
  A bullfrog skeleton (D:5)
  2 adders
  2 worms (D:3)
  2 dart slugs
  3 leopard geckos
  An orc (D:3)
  A ball python (D:1)
  5 giant cockroaches
  7 goblins
  7 hobgoblins
  3 kobolds
  A quokka (D:3)
  11 bats
  2 frilled lizards
  5 rats
53 creatures vanquished.

Notes
Turn   | Place    | Note
-------+----------+-------------------------------------------
     0 | D:1      | empire the Mummy Fighter began the quest for the Orb.
     0 | D:1      | Reached XP level 1. HP: 18/18 MP: 1/1
    55 | D:1      | Reached skill level 2 in Maces & Flails
   202 | D:1      | Reached XP level 2. HP: 24/24 MP: 2/2
   385 | D:3      | Reached XP level 3. HP: 12/29 MP: 3/3
   662 | D:1      | Reached skill level 3 in Maces & Flails
  1418 | D:5      | Entered Level 5 of the Dungeon
  1428 | D:5      | Reached XP level 4. HP: 30/35 MP: 4/4
  1587 | D:2      | Found a shimmering altar of Xom.
  1589 | D:2      | Found a glowing silver altar of Zin.
  1589 | D:2      | Found a glowing golden altar of the Shining One.
  1592 | D:2      | Found a glowing silver altar of Zin.
  1592 | D:2      | Found a stormy altar of Qazlal.
  1592 | D:2      | Found a bloodstained altar of Trog.
  1719 | D:3      | Reached skill level 4 in Maces & Flails
  1844 | D:3      | Killed from afar by an orc wizard

Skill      XL: |  1  2  3  4 |
---------------+-------------+-----
Maces & Flails | 2 3 4 |  4.0
Fighting       | |  3.0
Armour         | |  2.4
Shields        | |  2.4
Evocations     | |  0.2

Action                   |  1- 3 |  4- 6 || total
-------------------------+-------+-------++-------
Melee: Flail             |   134 |    67 ||   201
Armor: Scale mail        |   102 |    30 ||   132
Dodge: Dodged            |    63 |    18 ||    81
Block: Shield            |    95 |    25 ||   120
